 Dungeon Crawl Stone Soup version 0.31.0-11-ge490571c62 (webtiles) character file.

Game seed: 7407103975153923168

314 qw the Shooter (level 6, 0/33 HPs)
             Began as a Spriggan Hunter on Feb 4, 2024.
             Slain by a crocodile (5 damage)
             ... in a sewer.
             The game lasted 00:00:12 (2399 turns).

qw the Shooter (Spriggan Hunter)                    Turns: 2399, Time: 00:00:13

Health: 0/33       AC:  4    Str:  7    XL:     6   Next: 19%
Magic:  7/7        EV: 20    Int: 11    God:
Gold:   101        SH:  0    Dex: 20    Spells: 5/5 levels left

rFire   . . .        a - +0 shortbow
rCold   . . .        (shield currently unavailable)
rNeg    . . .        i - +2 animal skin
rPois   .            (helmet restricted)
rElec   .            (no cloak)
rCorr   .            (gloves unavailable)
SInv    +            (boots unavailable)
Will    +....        (no amulet)
Stlth   ++           (no ring)
HPRegen 0.25/turn    (no ring)
MPRegen 0.10/turn

%: no passive effects
@: about to teleport, very quick
A: very small, no large weapons, unfitting armour, see invisible, speed 3
a: no special abilities


You were in a sewer.
You visited 1 branch of the dungeon, and saw 3 of its levels.
You also visited: Sewer.

You collected 101 gold pieces.


Innate Abilities, Weirdness & Mutations

You are very small and have problems with some larger weapons.
You are too small for most types of armour.
You have supernaturally acute eyesight. (SInv)
You cover ground extremely quickly. (Speed+++)


   Skills:
 - Level 3.8 Fighting
 + Level 5.2 Ranged Weapons
 - Level 5.0 Dodging
 - Level 1.5 Stealth


You had 5 spell levels left.
You didn't know any spells.
Your spell library was empty.

Inventory:

Hand Weapons
 a - a +0 shortbow (weapon)
Armour
 i - a +2 animal skin (worn)
Jewellery
 f - a ring of ice
Wands
 k - a wand of polymorph (8)
Potions
 b - a potion of cancellation {unknown}
 c - a potion of magic {unknown}
 d - a potion of haste {unknown}
 e - 2 potions of might
 g - 2 potions of curing
 h - a potion of mutation

Dungeon Overview and Level Annotations

Branches:
Dungeon (3/15)              Sewer (1/1)

Altars:


Message History

You shoot an arrow. The arrow barely misses the crocodile.
You shoot an arrow.
The arrow hits the crocodile but does no damage.
The crocodile is lightly wounded.
You shoot an arrow. The arrow barely misses the crocodile.
The crocodile bites you. The crocodile drags you backwards!
You shoot an arrow. The arrow hits the crocodile.
The crocodile is moderately wounded.
The crocodile barely misses you.
You shoot an arrow. The arrow misses the crocodile.
The crocodile misses you.
You shoot an arrow.
The arrow hits the crocodile but does no damage.
The crocodile is moderately wounded.
The crocodile closely misses you.
You shoot an arrow. The arrow hits the crocodile.
The crocodile is moderately wounded.
The crocodile closely misses you.
You shoot an arrow. The arrow barely misses the crocodile.
The crocodile closely misses you.
You shoot an arrow. The arrow hits the crocodile!
The crocodile is severely wounded.
The crocodile closely misses you.
You shoot an arrow. The arrow barely misses the crocodile.
The crocodile misses you. The crocodile bites you!
The crocodile drags you backwards!
Found a Young Poisoner's Handbook.
You shoot an arrow.
The arrow hits the crocodile but does no damage.
The crocodile is severely wounded.
The crocodile closely misses you.
You shoot an arrow. The arrow barely misses the crocodile.
The crocodile bites you!
2398 ||| READING scroll of teleportation.
As you read the scroll of teleportation, it crumbles to dust.
You feel strangely unstable. The crocodile bites you.
You shoot an arrow. The arrow closely misses the crocodile.
The crocodile bites you.
You die...

## ##
#|$#.
:~#~#
#.~.
##.~.##
#~~.~l#
#..~~@##
#..~#...#
#. ##..##
#...#
##~~# #.
#..# #..
#~.# #.~#
##~~#
#...
#.~.#


You could see a crocodile.

Vanquished Creatures
  Grinder (D:3)
  Robin (D:2)
  4 adders (D:2)
  A dart slug (D:3)
  6 ribbon worms
  An orc (D:2)
  5 ball pythons
  3 endoplasms
  4 giant cockroaches
  16 goblins
  6 hobgoblins
  4 jackals
  A quokka (D:1)
  A bat (D:1)
  2 frilled lizards
  4 kobolds
  3 rats
63 creatures vanquished.

Notes
Turn   | Place    | Note
-------+----------+-------------------------------------------
     0 | D:1      | qw the Spriggan Hunter began the quest for the Orb.
     0 | D:1      | Reached XP level 1. HP: 10/10 MP: 2/2
     0 | D:1      | 0 ||| qw: Version: 0.3-a-160-g6735b56
     0 | D:1      | 0 ||| qw: Game counter: 5240
     0 | D:1      | 0 ||| qw: Melee chars always use a shield: true
     0 | D:1      | 0 ||| qw: God list: Okawaru
     0 | D:1      | 0 ||| qw: Allow faded altars: false
     0 | D:1      | 0 ||| qw: Do Orc after clearing Dungeon:15 true
     0 | D:1      | 0 ||| qw: Do second Lair branch before Depths: true
     0 | D:1      | 0 ||| qw: Lair rune preference: random
     0 | D:1      | 0 ||| qw: Goals: Normal
     0 | D:1      | 0 ||| PLANNING D:1-11
    58 | D:1      | Reached skill level 3 in Dodging
   510 | D:1      | Reached XP level 2. HP: 14/14 MP: 3/3
   717 | D:1      | You fall into a shaft and drop 1 floor!
   748 | D:2      | 748 ||| READING 4 scrolls labelled SANO UPYFUPS.
   748 | D:2      | 748 ||| IDENTIFYING glowing silvery potion
   749 | D:2      | 749 ||| READING 3 scrolls of identify.
   749 | D:2      | 749 ||| IDENTIFYING smoky clear potion
   750 | D:2      | 750 ||| READING 2 scrolls of identify.
   750 | D:2      | 750 ||| IDENTIFYING smoky black potion
   751 | D:2      | 751 ||| READING scroll of identify.
   751 | D:2      | 751 ||| IDENTIFYING 2 purple potions
   752 | D:2      | 752 ||| READING scroll labelled DUAZEA WAMOCO.
   753 | D:2      | 753 ||| READING scroll labelled ZAYRAEF DEIHO.
   754 | D:2      | 754 ||| READING scroll labelled JENEKK KUASO.
   759 | D:2      | 759 ||| DRINKING 2 amethyst potions.
   760 | D:2      | 760 ||| DROPPING scroll of butterflies.
   761 | D:2      | 761 ||| DROPPING potion of lignification.
   762 | D:2      | 762 ||| DROPPING potion of degeneration.
   763 | D:2      | 763 ||| DROPPING potion of brilliance.
  1243 | D:2      | Reached XP level 3. HP: 18/18 MP: 4/4
  1477 | D:2      | Noticed Robin
  1483 | D:2      | Reached XP level 4. HP: 21/22 MP: 5/5
  1489 | D:2      | Killed Robin
  1839 | D:2      | 1839 ||| UPGRADING to +2 animal skin.
  1849 | D:2      | 1849 ||| DROPPING +0 robe.
  1850 | D:2      | 1850 ||| READING scroll of identify.
  1850 | D:2      | 1850 ||| IDENTIFYING bubbling silvery potion
  1851 | D:2      | 1851 ||| READING scroll labelled EKEJAI ZAFAXZI.
  1980 | D:3      | 1980 ||| PLANNING SEWER
  2092 | D:3      | Noticed Grinder
  2112 | D:3      | Killed Grinder
  2113 | D:3      | Reached skill level 3 in Fighting
  2113 | D:3      | Reached XP level 5. HP: 14/29 MP: 6/6
  2113 | D:3      | Reached XP level 6. HP: 16/33 MP: 7/7
  2319 | D:3      | Found a glowing drain.
  2320 | D:3      | 2320 ||| READING scroll labelled YZIKHL CASSITUT.
  2342 | Sewer    | Entered a sewer
  2397 | Sewer    | HP: 8/33 [crocodile (14)]
  2398 | Sewer    | 2398 ||| READING scroll of teleportation.
  2399 | Sewer    | Slain by a crocodile

Levels and vault maps discovered:
D:1:      dpeg_arrival_solitude, layout_loops_ring, serial_forest,
          infiniplex_forest_straight_1, infiniplex_forest_diagonal,
          infiniplex_forest_diagonal, infiniplex_forest_clump_medium,
          infiniplex_forest_lined_2, infiniplex_forest_lined_2,
          infiniplex_forest_3_way, minmay_misc_feat_plants
D:2:      minmay_diamond_boxcup, layout_loops_ring, minmay_misc_feat_enclosed,
          uniq_robin
D:3:      layout_basic, cheibrodos_sewer_entry_drain, minmay_misc_feat_ornament,
          minmay_crystal_room, minmay_goblin_outpost, uniq_grinder
Sewer:    sewer_the_crocodile

Skill      XL: |  1  2  3  4 |
---------------+-------------+-----
Dodging        | 3 4 5 |  5.0
Ranged Weapons | 5 |  5.2
Fighting       | 3 |  3.8
Stealth        | |  1.5

Action                     |  1- 3 |  4- 6 || total
---------------------------+-------+-------++-------
   Fire: Shortbow          |   194 |   136 ||   330
    Use: Scroll            |     7 |     4 ||    11
         Potion            |     1 |       ||     1
 Armour: Robe              |     8 |     8 ||    16
         Animal skin       |       |    12 ||    12
  Dodge: Dodged            |    49 |    85 ||   134

Table legend:
 A = Non-vault XP
 B = Vault XP
 C = Vault XP percentage of total XP
 D = Non-vault monster count
 E = Vault monster count
 F = Vault count percentage of total count
                 A         B        C        D         E       F
            +---------+---------+-------+---------+---------+-------
      Total |     108 |     341 |  75.9 |      32 |      31 |  49.2
            +---------+---------+-------+---------+---------+-------
        D:1 |      14 |       0 |   0.0 |       9 |       0 |   0.0
        D:2 |      85 |      46 |  35.1 |      19 |      14 |  42.4
        D:3 |       9 |     288 |  97.0 |       4 |      13 |  76.5
      Sewer |       0 |       7 | 100.0 |       0 |       4 | 100.0
            +---------+---------+-------+---------+---------+-------
